Map: Apotheosis LE

Players

Toodming

  • Race: Zerg Zerg

Polt - Winner!

  • Race: Terran Terran

Event: 2016 WCS Summer Circuit Championship (DH Montreal)

VOD

Have the link to the VOD?

Description

Time

  • Played on: Aug. 13, 2016, 2:54 p.m.
  • Length: 9:13

All games in this series

Show
View Real Time Build Order
Export as new Build Order

Toodming Zerg 

Build Orders: Hatch First 

Get SALT Encoding   

  12  0:00  Drone  
  13  0:12  Overlord  
  13  0:17  Drone  
  14  0:30  Drone  
  14  0:31  Drone  
  14  0:34  Drone  
  17  0:51  Hatchery  
  17  0:56  Drone  
  17  0:58  Drone  
  18  1:10  Extractor  
  17  1:13  Spawning Pool  
  17  1:15  Drone  
  17  1:21  Drone  
  18  1:29  Drone  
  19  1:39  Overlord  
  19  2:00  Zergling x4  
  19  2:01  Queen  
  23  2:03  Queen, Zergling x2  
  26  2:11  Metabolic Boost, Drone  
  26  2:15  Drone  
  28  2:23  Drone  
  28  2:25  Drone  
  30  2:32  Drone  
  31  2:38  Drone, Queen  
  34  2:44  Overlord  
  34  2:49  Pneumatized Carapace  
  34  2:52  Drone  
  34  2:56  Drone  
  36  3:04  Spore Crawler  
  35  3:06  Drone x2  
  35  3:09  Drone  
  35  3:12  Drone x3  
  41  3:18  Drone x2  
  43  3:21  Drone  
  43  3:23  Overlord  
  44  3:40  Hatchery  
  43  3:47  Drone x9  
  52  3:59  Evolution Chamber x2  
  50  4:05  Queen  
  50  4:06  Overlord x2  
  52  4:25  Zergling x20  
  52  4:27  Zerg Ground Armor Level 1, Zerg Melee Weapons Level 1  
  52  4:31  Extractor  
  61  4:42  Zergling x6  
  64  4:57  Zergling x6  
  64  4:58  Zergling x6  
  64  4:59  Hatchery, Overlord  
  69  5:02  Lair  
  69  5:07  Drone  
  69  5:10  Drone x2  
  72  5:16  Drone  
  73  5:24  Drone x8  
  73  5:25  Drone  
  81  5:33  Overlord  
  81  5:34  Overlord  
  81  5:37  Extractor  
  81  5:41  Spore Crawler  
  79  5:43  Spore Crawler x2  
  79  5:48  Zergling x8  
  81  5:50  Overlord x2  
  74  5:58  Drone x4  
  74  6:01  Zergling x2  
  71  6:05  Zergling x4  
  71  6:06  Zergling x2  
  69  6:19  Zergling x2  
  69  6:20  Zergling x10  
  69  6:24  Zergling x10  
  76  6:26  Zerg Ground Armor Level 2  
  76  6:27  Zerg Melee Weapons Level 2  
  76  6:29  Infestation Pit  
  75  6:34  Drone  
  76  6:44  Drone x2  
  79  6:47  Drone x2  
  79  6:51  Extractor  
  78  6:56  Drone x10  
  87  7:03  Extractor  
  87  7:07  Zergling x12  
  92  7:10  Hatchery  
  92  7:12  Hive  
  85  7:16  Zergling x4  
  85  7:17  Zergling x2  
  85  7:19  Zergling x2  
  77  7:26  Zergling x2  
  77  7:27  Zergling x12  
  82  7:30  Spawning Pool  
  79  7:47  Drone x2  
  79  7:48  Overlord  
  79  7:50  Extractor  
  79  7:56  Drone x5  
  79  7:57  Drone x2  
  79  7:58  Drone  
  83  8:19  Queen  
  83  8:20  Queen  
  83  8:21  Zergling x18  
  83  8:24  Overseer  
  94  8:28  Baneling Nest, Zergling x6  
  94  8:29  Ultralisk Cavern, Zergling x2  
  94  8:33  Queen, Zergling x2  
  99  8:38  Zergling x4  
  88  8:56  Zergling x2  
Show
View Real Time Build Order
Export as new Build Order

Polt Terran - Winner!

Build Orders: Reaper Expand, MMM Bio 

Get SALT Encoding   

  12  0:00  SCV  
  13  0:12  SCV  
  14  0:17  Supply Depot  
  14  0:25  SCV  
  15  0:39  Barracks, SCV  
  16  0:44  Refinery  
  16  0:51  SCV  
  17  1:03  SCV  
  18  1:15  SCV  
  19  1:27  Orbital Command  
  19  1:28  Reaper  
  20  1:40  Command Center  
  20  1:51  Barracks  
  21  1:54  SCV  
  21  2:01  Barracks Reactor  
  21  2:04  Supply Depot  
  21  2:07  SCV  
  22  2:17  Refinery  
  22  2:19  SCV  
  23  2:31  SCV  
  24  2:38  Marine x2  
  24  2:39  Barracks Tech Lab  
  24  2:43  Factory  
  24  2:44  SCV  
  27  2:53  Orbital Command  
  27  2:56  SCV  
  27  2:58  Marine x3  
  31  3:08  SCV  
  32  3:15  Marine  
  32  3:16  Marine x2, Stimpack  
  35  3:21  SCV  
  35  3:22  SCV  
  37  3:30  Starport  
  37  3:32  Factory Reactor  
  37  3:33  SCV  
  39  3:34  SCV  
  39  3:38  Marine x3  
  42  3:45  SCV  
  42  3:46  Supply Depot, SCV  
  44  3:57  SCV  
  44  3:58  SCV  
  44  3:59  Supply Depot  
  46  4:08  Marine x3  
  50  4:10  SCV x2  
  50  4:14  Supply Depot  
  51  4:17  Medivac  
  51  4:20  Medivac  
  51  4:22  SCV x2  
  51  4:24  Supply Depot  
  57  4:25  Refinery  
  57  4:27  Marine x3  
  60  4:34  SCV x2  
  60  4:35  Factory Reactor  
  62  4:45  Engineering Bay  
  61  4:46  SCV x2  
  61  4:47  Marine x2  
  61  4:48  Engineering Bay, Marine  
  66  4:58  SCV  
  66  4:59  SCV  
  68  5:06  Command Center  
  68  5:08  Starport Reactor  
  68  5:10  Terran Infantry Weapons Level 1, SCV  
  68  5:11  SCV  
  68  5:13  Marine x3  
  73  5:17  Supply Depot  
  73  5:19  Terran Infantry Armor Level 1  
  73  5:21  Combat Shields  
  73  5:26  SCV x2  
  75  5:32  Factory Reactor  
  75  5:34  Marine x3  
  76  5:40  Refinery  
  76  5:42  Supply Depot  
  76  5:47  Medivac x2  
  80  5:51  Marine x2  
  80  5:52  Marine  
  82  5:58  SCV  
  82  5:59  SCV  
  81  6:08  Barracks  
  81  6:09  Barracks  
  81  6:11  Marine x3, Barracks  
  83  6:22  Widow Mine x2  
  86  6:27  SCV  
  86  6:28  SCV  
  88  6:34  Marine x3  
  88  6:37  Armory  
  88  6:38  Medivac x2  
  96  6:40  SCV x2  
  96  6:44  Supply Depot  
  96  6:45  Supply Depot  
  97  6:51  Widow Mine x2  
  97  6:52  Marine x3, SCV x2  
  97  6:53  Orbital Command  
  105  7:03  Barracks Reactor, Marine x4  
  109  7:10  Marine x3  
  109  7:13  SCV x2  
  112  7:20  SCV  
  112  7:21  Widow Mine x2  
  116  7:25  SCV x2  
  116  7:28  Medivac  
  116  7:29  Medivac  
  121  7:36  Factory  
  120  7:48  Marine x7  
  125  7:54  Supply Depot x3, Marine x2  
  125  7:56  Widow Mine x2  
  131  8:05  Medivac x2  
  132  8:09  Refinery  
  132  8:12  Supply Depot  
  132  8:13  Supply Depot  
  132  8:19  Command Center  
  132  8:24  Marine x8  
  132  8:25  Marine  
  141  8:29  Barracks  
  141  8:31  Barracks x2  
  141  8:42  Marine x8  
  141  8:43  Marauder  
Tags
 
Add a new tag
Caveats
  • Supply blocks, unpowered buildings, or Contaminate may cause inaccurate times.
  • Supply counts are checked every 10 seconds.